 Dungeon Crawl Stone Soup version 0.29.0-13-gc9e81de378 (webtiles) character file.

Game seed: 13408282686307084663

150 SensoryNuts the Slasher (level 5, 0/41 HPs)
             Began as a Demonspawn Fighter on Sept 7, 2022.
             Constricted to death by Pikel (5 damage)
             ... on level 5 of the Dungeon.
             The game lasted 00:03:24 (3704 turns).

SensoryNuts the Slasher (Demonspawn Fighter)        Turns: 3704, Time: 00:03:25

Health: 0/41       AC:  9    Str: 19    XL:     5   Next: 10%
Magic:  5/5        EV:  2    Int:  9    God:
Gold:   45         SH: 13    Dex: 10    Spells: 4/4 levels left

rFire   . . .      SeeInvis .   a - +2 long sword
rCold   . . .      Faith    .   r - +2 tower shield
rNeg    . . .      Spirit   .   b - +0 scale mail
rPois   .          Reflect  .   (helmet restricted)
rElec   .          Harm     .   (no cloak)
rCorr   +          Rampage  .   q - +1 pair of gloves
Will    +....                   (no boots)
Stlth   +.........              (no amulet)
HPRegen 0.13/turn               e - ring of Puhaf {Will+ rCorr Str+2 Dex-4 Slay+3 Stlth+}
MPRegen 0.09/turn               l - ring of flight

@: mighty, grasped by roots, flying, constricted
A: hooves 1, horns 1, weakness stinger 1
a: no special abilities


You were on level 5 of the Dungeon.
You visited 1 branch of the dungeon, and saw 5 of its levels.

You collected 180 gold pieces.
You spent 135 gold pieces at shops.

Inventory:

Hand Weapons
 a - a +2 long sword (weapon)
Armour
 b - a +0 scale mail (worn)
 q - a +1 pair of gloves (worn)
 r - a +2 tower shield (worn)
Jewellery
 e - the ring of Puhaf (left hand) {Will+ rCorr Str+2 Dex-4 Slay+3 Stlth+}
   (You acquired it on level 2 of the Dungeon)

   [ring of resist corrosion]

   Str:       It affects your strength (+2).
   Dex:       It affects your dexterity (-4).
   Slay:      It affects your accuracy & damage with ranged weapons and melee
   (+3).
   rCorr:     It protects you from acid and corrosion.
   Will:      It increases your willpower.
   Stlth:     It makes you more stealthy.
 g - a ring of protection from fire
 l - a ring of flight (right hand)
 p - an amulet of faith
Scrolls
 f - 2 scrolls of blinking
 j - 2 scrolls of silence
 n - 3 scrolls of teleportation
Potions
 c - a potion of attraction {unknown}
 h - 2 potions of mutation
 i - a potion of curing
 k - a potion of lignification
 m - 2 potions of brilliance
 o - a potion of magic {unknown}


   Skills:
 + Level 3.2 Fighting
 * Level 3.6 Long Blades
 + Level 3.5 Armour
 + Level 3.2 Shields


You had 4 spell levels left.
You didn't know any spells.
Your spell library contained the following spells:

 Spells                   Type           Power      Damage    Failure   Level
 Tukima's Dance           Hex            0%         N/A       100%        3
 Passage of Golubria      Tloc           0%         N/A       100%        4
 Freezing Cloud           Conj/Ice/Air   0%         6-21      100%        5
 Yara's Violent Unravell  Hex/Tmut       0%         3d3       100%        5
 Simulacrum               Ice/Necr       0%         N/A       100%        6
 Polar Vortex             Ice            0%         N/A       100%        9


Dungeon Overview and Level Annotations

Branches:
Dungeon (5/15)
 Temple: D:4-7

Altars:
Dithmenos
Uskayaw
Vehumet
Xom

Shops:
D:4 =[([

Annotations:
D:5 Pikel


Innate Abilities, Weirdness & Mutations

You have large cloven feet.
You have a pair of small horns on your head.
You have a small tail.


Message History

Pikel hits you with a +2 whip of flaming!
Pikel burns you. Pikel hits you but does no damage.
An iguana comes into view.
The iguana hisses angrily.
You slash Pikel! You kick Pikel. Your headbutt misses Pikel.
Pikel is moderately wounded.
Pikel hits you with a +2 whip of flaming.
Pikel burns you.
* * * LOW HITPOINT WARNING * * *
A necrophage comes into view.
You feel very mighty all of a sudden. Pikel barely misses you.
A shadow imp comes into view.
A gnoll comes into view. It is wielding a +0 spear.
You miss Pikel. Your kick misses Pikel.
Pikel is moderately wounded.
A gnoll comes into view. It is wielding a +0 club.
Pikel hits you with a +2 whip of flaming.
* * * LOW HITPOINT WARNING * * *
Pikel burns you.
* * * LOW HITPOINT WARNING * * *
The gnoll bouda barks out a call to the hunt!
The gnolls pick up the pace!
You block Pikel's attack.
The gnoll moves out of view.
You feel better.
Pikel zaps a wand.
The roots erupt in riotous growth!
The grasping roots grab you!
Pikel is unaffected.
The grasping roots constrict you.
* * * LOW HITPOINT WARNING * * *
You hear an angry hiss.
You slash Pikel!
Pikel is heavily wounded.
Pikel hits you with a +2 whip of flaming.
* * * LOW HITPOINT WARNING * * *
Pikel burns you.
* * * LOW HITPOINT WARNING * * *
The grasping roots constrict you.
* * * LOW HITPOINT WARNING * * *
An orc comes into view. It is wielding a +0 club.
You block Pikel's attack. The grasping roots constrict you.
You die...

#.# #.# #.# #.# #.#
#.# #.# #.# #.# #.#
#.# #.# . #.# #.#
.gg5##########.# ##.#
olg555K@.......###..#
.##########..#...#.##
#......#.# #.##...#.#
###.###.##.#
...........#
###.###.#### ... #.#
#. #.#


You could see Pikel, 4 lemures, a gnoll bouda, an iguana, 2 gnolls and an orc.

Vanquished Creatures
  A hound (D:4)
  4 gnolls (D:4)
  An adder (D:4)
  2 worms
  3 dart slugs
  An orc (D:3)
  5 endoplasms
  5 goblins
  6 hobgoblins
  4 jackals (D:1)
  4 kobolds
  2 quokkas (D:3)
  5 ball pythons
  7 bats
  3 frilled lizards
  3 rats
56 creatures vanquished.

Notes
Turn   | Place    | Note
-------+----------+-------------------------------------------
     0 | D:1      | SensoryNuts the Demonspawn Fighter began the quest for the
                  | Orb.
     0 | D:1      | Reached XP level 1. HP: 18/18 MP: 1/1
   106 | D:1      | Found a faded altar of an unknown god.
   497 | D:1      | Discovered your monstrous ancestry.
   497 | D:1      | Gained mutation: You have a small tail. [demonic ancestry]
   497 | D:1      | Reached XP level 2. HP: 22/24 MP: 2/2
   884 | D:1      | You fall into a shaft and drop 1 floor!
  1308 | D:2      | Reached XP level 3. HP: 23/29 MP: 3/3
  1665 | D:2      | Found a shimmering altar of Xom.
  1951 | D:2      | Identified a scroll of acquirement
  1951 | D:2      | Acquired the ring of Puhaf {Will+ rCorr Str+2 Dex-4 Slay+3
                  | Stlth+}
  2515 | D:3      | Found a shadowy altar of Dithmenos.
  2872 | D:4      | Found a shimmering altar of Xom.
  2881 | D:4      | Found a radiant altar of Vehumet.
  3019 | D:4      | Gained mutation: You have large cloven feet. [demonic
                  | ancestry]
  3019 | D:4      | Reached XP level 4. HP: 35/35 MP: 4/4
  3042 | D:4      | Identified the +8 flail of False Accusations {venom, rElec
                  | Will+ Str+2}
  3082 | D:4      | Gained mutation: You have a pair of small horns on your
                  | head. [demonic ancestry]
  3082 | D:4      | Reached XP level 5. HP: 27/41 MP: 5/5
  3083 | D:4      | Found Ycid's Armour Boutique.
  3207 | D:4      | Found Luho's Jewellery Boutique.
  3208 | D:4      | Found Namennonn's Antique Armour Shop.
  3217 | D:4      | Bought a glowing tower shield for 135 gold pieces
  3300 | D:4      | Found Hoshromipn's Weapon Shop.
  3375 | D:4      | Found a hide-covered altar of Uskayaw.
  3651 | D:5      | Entered Level 5 of the Dungeon
  3693 | D:5      | Noticed Pikel
  3694 | D:5      | Noticed a lemure
  3694 | D:5      | Noticed a lemure
  3694 | D:5      | Noticed a lemure
  3695 | D:5      | Noticed a lemure
  3704 | D:5      | Constricted to death by Pikel

Illustrated notes

Levels and vault maps discovered:
D:1:      ncdulo_halloftheorcs, layout_loops_corners,
          hellmonk_ecumenical_altar_zigzags
D:2:      layout_loops_corners, basic_altar
D:3:      layout_loops_ring, nicolae_dithmenos_through_a_glass_darkly,
          nicolae_elevator_lobby_plus
D:4:      layout_basic, mainiacjoe_overflow_large_starburst, marbit_many_paths,
          serial_shops, nicolae_inconvenience_store, shop, shop, shop
D:5:      layout_loops_ring, temple_pool_b, serial_glass, glass_columns_b,
          glass_columns_c, due_unseen_surprise, feat_on_display,
          minmay_crystal_room, kennysheep_generic_room_11, uniq_pikel

Skill      XL: |  1  2  3 |
---------------+----------+-----
Long Blades    | 2 3 |  3.6
Armour         | 3 |  3.5
Shields        | 3 |  3.2
Fighting       | |  3.2

Action                   |  1- 3 |  4- 6 || total
-------------------------+-------+-------++-------
Melee: Long sword        |    87 |    27 ||   114
       Tailslap          |    12 |     3 ||    15
       Kick              |       |    11 ||    11
  Use: Scroll            |    13 |       ||    13
       Potion            |       |     2 ||     2
Armor: Scale mail        |    42 |     8 ||    50
Dodge: Dodged            |    38 |    14 ||    52
Block: Buckler           |    20 |     9 ||    29
       Tower shield      |       |     8 ||     8
